 Dungeon Crawl Stone Soup version 0.31-a0-544-gceb718ecc6 (webtiles) character file.

Game seed: 14731025069624031511

885 randomguy2701 the Reanimator (level 7, -15/36 HPs)
             Began as a Deep Elf Necromancer on Aug 15, 2023.
             Killed from afar by Maggie (29 damage)
             ... with a bolt of fire
             ... on level 6 of the Dungeon.
             The game lasted 00:06:17 (4893 turns).

randomguy2701 the Reanimator (Deep Elf Necromancer) Turns: 4893, Time: 00:06:17

Health: -15/36     AC:  3    Str:  5    XL:     7   Next: 76%
Magic:  19/20      EV: 13    Int: 22    God:
Gold:   328        SH:  0    Dex: 15    Spells: 18/22 levels left

rFire   . . .        (no weapon)
rCold   . . .        (no shield)
rNeg    . . .        a - +0 robe
rPois   .            (no helmet)
rElec   .            (no cloak)
rCorr   .            y - +0 pair of gloves
SInv    .            (no boots)
Will    .....        (no amulet)
Stlth   ++           (no ring)
HPRegen 0.26/turn    (no ring)
MPRegen 0.17/turn

%: no passive effects
@: studying Long Blades
A: no striking features
a: no special abilities


You were on level 6 of the Dungeon.
You visited 1 branch of the dungeon, and saw 6 of its levels.

You collected 328 gold pieces.

Inventory:

Armour
 a - a +0 robe (worn)
 y - a +0 pair of gloves (worn)
Jewellery
 m - a ring of protection from cold
 q - an amulet of guardian spirit
Wands
 p - a wand of flame (7)
 t - a wand of polymorph (4)
 w - a wand of iceblast (13)
Scrolls
 c - a scroll of teleportation {unknown}
 e - 4 scrolls of identify {unknown}
 h - 2 scrolls of enchant armour {unknown}
 i - a scroll of revelation {unknown}
 j - 3 scrolls of poison {unknown}
 o - a scroll of butterflies {unknown}
 s - a scroll of fog {unknown}
 x - a scroll of noise {unknown}
Potions
 b - a potion of magic
 d - a potion of brilliance {unknown}
 f - 3 potions of curing {unknown}
 g - 2 potions of ambrosia {unknown}
 k - 2 potions of degeneration {unknown}
 l - 2 potions of enlightenment
 n - 2 potions of heal wounds
 r - a potion of haste {unknown}
 u - a potion of lignification {unknown}
 v - a potion of attraction {unknown}


   Skills:
 + Level 3.5 Dodging
 + Level 3.0 Stealth
 + Level 8.4 Spellcasting
 + Level 8.5 Necromancy
 + Level 0.4 Evocations


You had 18 spell levels left.
You knew the following spells:

 Your Spells              Type           Power      Damage    Failure   Level
a - Necrotise             Necr           100%       1d9       1%          1
b - Vampiric Draining     Necr           46%        2d9       1%          3

Your spell library contained the following spells:

 Spells                   Type           Power      Damage    Failure   Level
 Animate Dead             Necr           46%        N/A       2%          4
 Agony                    Necr           46%        N/A       6%          5


Dungeon Overview and Level Annotations

Branches:
Dungeon (6/15)
 Temple: D:4-7

Altars:
Ashenzari
Dithmenos
Elyvilon
Gozag
Makhleb
Nemelex Xobeh
Trog
Vehumet
Xom

Annotations:
D:6 Maggie


Message History

You can't see any susceptible monsters within range! (Use Z to cast anyway.)
Your black bear skeleton crumbles into dust!
Found a cloak.
You see here a +0 cloak.
Found an escape hatch in the ceiling.
Found a pair of gloves.
x - a scroll labelled TAFAUV KEDWIPS No target in view!
You can't see any susceptible monsters within range! (Use Z to cast anyway.)
You can't see any susceptible monsters within range! (Use Z to cast anyway.)
You see here a +0 pair of gloves.
Maggie the Vainglorious comes into view.
She is wielding a +2 morningstar of flaming.
Maggie is nearby!
Maggie is nearby!
You see here a +0 pair of gloves.
y - a +0 pair of gloves You start putting on your armour.
You continue putting on your +0 pair of gloves. x4
You finish putting on your +0 pair of gloves.
Maggie shouts!
Maggie barely resists.
Maggie gestures at you while chanting. The bolt of fire hits you!!
Ouch! That really hurt!
You are too injured to fight recklessly!
You are too injured to fight recklessly!
You are too injured to fight recklessly!
Casting: Necrotise (safe; 1% risk of failure)
Confirm with . or Enter, or press ? or * to list all spells.
Aiming: Necrotise (safe; 1% risk of failure)
Press: ? - help, Shift-Dir - straight line, f/p - Maggie
Aim: Maggie, wielding a +2 morningstar of flaming and wearing +0 swamp dragon scales (chance to affect: 83%) Maggie writhes in agony!
An ice beast comes into view.
There is an escape hatch in the ceiling here.
Maggie smiles, but it's obviously fake.
Maggie gestures at you while chanting. The bolt of fire hits you!!
Ouch! That really hurt!
You die...

........##..#......
.............##.###.....
...............<........
#....##...##.#.###....# #
##... #..##..####.[.###
..#....##.###..###...##
........>..#..##...###
..............###..#
#......@.....#.#.##
..#............#..##
##.....#.........#
#..#..##...........#
..Y.###@##.#...#.#....#
...... #...####.....##...
⌠.... ....... ...#.......
8....@.....##...##.......
...........###... ##....


You could see Maggie and an ice beast.

Vanquished Creatures
  A water moccasin (D:6)
  2 black bears
  2 ice beasts (D:5)
  2 hounds
  2 orc priests (D:4)
  A sleepcap (D:6)
  An iguana (D:4)
  An orc wizard (D:3)
  Robin (D:3)
  7 adders
  An ufetubus (D:5)
  3 worms
  4 dart slugs
  4 orcs
  7 endoplasms
  4 giant cockroaches
  13 goblins
  9 hobgoblins
  11 jackals
  9 kobolds
  5 quokkas
  7 ball pythons
  14 bats
  4 frilled lizards
  4 rats
119 creatures vanquished.

Vanquished Creatures (collateral kills)
  A ball python (D:2)
  2 endoplasms
  2 goblins (D:1)
  2 jackals
  2 rats
9 creatures vanquished.

Grand Total: 128 creatures vanquished

Notes
Turn   | Place    | Note
-------+----------+-------------------------------------------
     0 | D:1      | randomguy2701 the Deep Elf Necromancer began the quest for
                  | the Orb.
     0 | D:1      | Reached XP level 1. HP: 10/10 MP: 6/6
    11 | D:1      | Reached skill level 5 in Necromancy
    86 | D:1      | Reached XP level 2. HP: 15/15 MP: 4/8
   417 | D:1      | Reached XP level 3. HP: 19/19 MP: 6/9
  1090 | D:2      | Reached XP level 4. HP: 24/24 MP: 9/12
  1529 | D:2      | Learned a level 3 spell: Vampiric Draining
  1676 | D:3      | Found a faded altar of an unknown god.
  2010 | D:3      | Reached skill level 5 in Spellcasting
  2129 | D:3      | Reached XP level 5. HP: 22/28 MP: 9/14
  2682 | D:3      | Noticed Robin
  2697 | D:3      | Killed Robin
  2929 | D:3      | Found a shimmering altar of Xom.
  2960 | D:3      | Found a bloodstained altar of Trog.
  3146 | D:4      | Found an opulent altar of Gozag.
  3232 | D:4      | Found a shadowy altar of Dithmenos.
  3274 | D:4      | Reached XP level 6. HP: 21/32 MP: 11/16
  4016 | D:5      | Entered Level 5 of the Dungeon
  4261 | D:5      | Noticed an ice beast
  4269 | D:5      | Killed an ice beast
  4322 | D:5      | Noticed an ice beast
  4328 | D:5      | Killed an ice beast
  4329 | D:5      | Reached XP level 7. HP: 25/36 MP: 12/19
  4404 | D:5      | Found a broken altar of Ashenzari.
  4435 | D:5      | Found a white marble altar of Elyvilon.
  4453 | D:5      | Found a burning altar of Makhleb.
  4453 | D:5      | Found a radiant altar of Vehumet.
  4561 | D:6      | Found a sparkling altar of Nemelex Xobeh.
  4878 | D:6      | Noticed Maggie
  4893 | D:6      | Killed from afar by Maggie

Illustrated notes

Levels and vault maps discovered:
D:1:      minmay_arrival_stone_box, layout_rooms
D:2:      kennysheep_six_static_rooms, layout_rooms
D:3:      minmay_diamond_boxcup, layout_basic, mainiacjoe_overflow_two_lobes,
          chequers_ecumenical_altar_island, uniq_robin
D:4:      layout_loops_cross, mainiacjoe_overflow_alcove_1,
          mainiacjoe_overflow_concentric_impassable, minmay_tree_intersection
D:5:      layout_basic, grunt_temple_overflow_lords_of_destruction,
          lemuel_crystal_altar, amcnicky_altar_gilded, gammafunk_ghost_arena,
          serial_shops, shop
D:6:      layout_cave_pools, dancing_weapons_uskayaw,
          nicolae_overflow_hidden_temple, minmay_temple_entry_drinking_statues,
          minmay_misc_feat_ornament, chequers_serial_rivers_small_b, uniq_maggie

Skill      XL: |  1  2  3  4  5  6  7 |
---------------+----------------------+-----
Necromancy     | 5 6 7 8 |  8.5
Spellcasting   | 4 5 7 8 |  8.4
Dodging        | 3 |  3.5
Stealth        | 3 |  3.0
Evocations     | |  0.4

Action                     |  1- 3 |  4- 6 |  7- 9 || total
---------------------------+-------+-------+-------++-------
  Melee: Unarmed           |    13 |     6 |       ||    19
         Punch             |       |     1 |       ||     1
   Cast: Necrotise         |    78 |   139 |    31 ||   248
         Vampiric Draining |       |       |     2 ||     2
  Evoke: Wand              |       |     3 |       ||     3
    Use: Potion            |       |     2 |       ||     2
   Stab: Sleeping          |       |     1 |       ||     1
 Armour: Robe              |     4 |    10 |     2 ||    16
  Dodge: Dodged            |    33 |    56 |     7 ||    96

Table legend: (Time is in decaauts)
 A = Elapsed time spent in this place.
 B = Non-inter-level travel time spent in this place.
 C = Inter-level travel time spent in this place.
 D = Time resting spent in this place.
 E = Time spent auto-exploring this place.
 F = Levels seen in this place.
 G = Mean time per level.
                   A        B        C        D        E       F      G
               +--------+--------+--------+--------+--------+-----+--------+
         Total |   4893 |   4794 |     99 |      0 |   4118 |   6 |  815.5 |
       Dungeon |   4893 |   4794 |     99 |      0 |   4118 |   6 |  815.5 |
               +--------+--------+--------+--------+--------+-----+--------+

Top non-repeatable levels by time:
     D:3: 1447 daAuts
     D:4: 1017 daAuts
     D:2: 865 daAuts
     D:1: 686 daAuts
     D:5: 477 daAuts
     D:6: 398 daAuts
